 Dungeon Crawl Stone Soup version 0.22.0-49-gab54619674 (webtiles) character file.

22 IceCat the Digger (level 2, 0/15 HPs)
             Began as a Gargoyle Earth Elementalist on Sept 3, 2018.
             Slain by a gnoll
             ... wielding a +0 halberd
              (14 damage)
             ... on level 2 of the Dungeon.
             The game lasted 00:01:42 (587 turns).

IceCat the Digger (Gargoyle Earth Elementalist)      Turns: 587, Time: 00:01:45

Health: 0/15       AC:  5    Str: 11    XL:     2   Next: 91%
Magic:  0/5        EV: 12    Int: 15    God:
Gold:   62         SH:  0    Dex: 10    Spells: 4/5 levels left

rFire    . . .     SeeInvis .   f - +0 dagger (elec)
rCold    . . .     Gourm    .   (no shield)
rNeg     + . .     Faith    .   c - +0 robe
rPois    ∞         Spirit   .   (no helmet)
rElec    +         Reflect  .   (no cloak)
rCorr    .         Harm     .   g - +0 pair of gloves
MR       .....                  (no boots)
Stlth    ++........             (no amulet)
HPRegen  0.05/turn              (no ring)
MPRegen  0.09/turn              (no ring)

@: no status effects
A: negative energy resistance 1, electricity resistance, unbreathing,
petrification resistance, rot immunity, AC +2
a: no special abilities


You were on level 2 of the Dungeon.
You were not hungry.

You visited 1 branch of the dungeon, and saw 2 of its levels.

You collected 62 gold pieces.

Inventory:

Hand Weapons
 f - a +0 dagger of electrocution (weapon)
Missiles
 b - 18 stones (quivered)
Armour
 c - a +0 robe (worn)
 g - a +0 pair of gloves (worn)
Scrolls
 e - a scroll of teleportation {unknown}
 i - 3 scrolls of remove curse {unknown}
 j - a scroll of blinking {unknown}
 k - a scroll of fog {unknown}
Potions
 a - a potion of flight {unknown}
 h - 2 potions of heal wounds {unknown}
Comestibles
 d - 4 rations


   Skills:
 + Level 1.6 Dodging
 + Level 2.2 Stealth
 + Level 2.2 Spellcasting
   Level 0.7 Transmutations
 + Level 4.6 Earth Magic


You had 4 spell levels left.
You knew the following spells:

 Your Spells              Type           Power        Failure   Level  Hunger
a - Sandblast             Erth           ###...       3%          1    #......

Your spell library contained the following spells:

 Spells                   Type           Power        Failure   Level  Hunger
 Passwall                 Tmut/Erth      #.......     11%         2    ###....
 Stone Arrow              Conj/Erth      #.....       26%         3    ###....
 Petrify                  Tmut/Erth      #.......     58%         4    #####..
 Lee's Rapid Deconstruct  Erth           ###.......   67%         5    ######.


Dungeon Overview and Level Annotations

Branches:
Dungeon (2/15)

Altars:


Innate Abilities, Weirdness & Mutations

You are resistant to torment.
Your stone body is resilient. (AC +2)
You are immune to poison.
You resist negative energy. (rN+)
You are resistant to electric shocks. (rElec)
You can survive without breathing.
You are immune to petrification.
You are immune to rotting.


Message History

Press: ? - help, Shift-Dir - straight line, f/p - gnoll
Aim: a gnoll, wielding a spear (severely wounded)
The blast of sand hits the gnoll.
The gnoll is severely wounded.
b - 19 stones The gnoll barely misses you.
The rat bites you. The gnoll completely misses you.
Casting: Sandblast (safe; 3% risk of failure)
Confirm with . or Enter, or press ? or * to list all spells.
Aiming: Sandblast (safe; 3% risk of failure)
Press: ? - help, Shift-Dir - straight line, f/p - gnoll
Aim: a gnoll, wielding a spear (severely wounded)
The blast of sand hits the gnoll.
You kill the gnoll!
b - 18 stones The kobold throws a stone.
The stone hits you but does no damage. The rat misses you.
The gnoll hits you from afar with a halberd!
Ouch! That really hurt!
You die...

.[...... .##..#..####
.....#..##.###
.............
.....#..##.#############
........................
..........>#############
#....r.##.# #.#$##@##.#
#......##.# ......ggK..#
.######.#### #.# ... ...
...


You could see 2 gnolls, a kobold and a rat.

Vanquished Creatures
  A gnoll (D:2)
  A leopard gecko (D:1)
  2 bats (D:1)
  A giant cockroach (D:1)
  2 goblins (D:1)
  A kobold (D:1)
  A ball python (D:1)
  2 frilled lizards (D:1)
11 creatures vanquished.

Notes
Turn   | Place    | Note
-------+----------+-------------------------------------------
     0 | D:1      | IceCat the Gargoyle Earth Elementalist began the quest for
                  | the Orb.
     0 | D:1      | Reached XP level 1. HP: 10/10 MP: 3/3
   141 | D:1      | Reached skill level 4 in Earth Magic
   238 | D:1      | Reached XP level 2. HP: 15/15 MP: 3/5
   587 | D:2      | Slain by a gnoll

Skill      XL: |  1 |
---------------+----+-----
Earth Magic    | 4 |  4.6
Dodging        | |  1.6
Stealth        | |  2.2
Spellcasting   | |  2.2
Transmutations | |  0.7

Action                   || total
-------------------------++-------
Melee: Dagger            ||    10
 Cast: Sandblast         ||    12
 Stab: Sleeping          ||     1
Armor: Robe              ||     2
Dodge: Dodged            ||    14
